 Dungeon Crawl Stone Soup version 0.29-a0-380-gf50f0a9fbc (webtiles) character file.

Game seed: 15598455829609734408

69 ytrimaz the Insei (level 4, -2/33 HPs)
             Began as a Demonspawn Transmuter on May 5, 2022.
             Slain by a gnoll
             ... wielding a +2 spear of flaming
              (3 damage)
             ... on level 2 of the Dungeon.
             The game lasted 00:02:31 (2309 turns).

ytrimaz the Insei (Demonspawn Transmuter)           Turns: 2309, Time: 00:02:31

Health: -2/33      AC:  3    Str: 11    XL:     4   Next: 2%
Magic:  6/7        EV: 13    Int: 16    God:
Gold:   91         SH:  0    Dex: 19    Spells: 3/7 levels left

rFire   . . .      SeeInvis .     - Unarmed
rCold   . . .      Faith    .   (no shield)
rNeg    . . .      Spirit   .   a - +0 robe
rPois   .          Reflect  .   (helmet currently unavailable)
rElec   .          Harm     .   e - +0 cloak
rCorr   .          Rampage  .   (no gloves)
Will    .....                   (boots currently unavailable)
Stlth   ++........              (no amulet)
HPRegen 0.11/turn               j - ring of wizardry
MPRegen 0.10/turn               d - +6 ring of dexterity

@: appendages (expiring)
A: horns 2, talons 2, ignite blood 1, demonic touch 1
a: End Transformation


You were on level 2 of the Dungeon.
You had temporarily grown beastly horns and talons.
You visited 1 branch of the dungeon, and saw 2 of its levels.

You collected 91 gold pieces.

Inventory:

Armour
 a - a +0 robe (worn)
 e - a +0 cloak (worn)
Jewellery
 d - a +6 ring of dexterity (right hand)
 j - a ring of wizardry (left hand)
Scrolls
 b - 2 scrolls of enchant weapon
 f - 2 scrolls of magic mapping {unknown}
 h - a scroll of identify {unknown}
Potions
 c - a potion of degeneration {unknown}
 g - 2 potions of haste {unknown}
 i - a potion of heal wounds {unknown}


   Skills:
 * Level 1.6 Fighting
 + Level 2.4 Dodging
 + Level 3.4 Unarmed Combat
 + Level 2.3 Spellcasting
 + Level 2.0 Transmutations


You had 3 spell levels left.
You knew the following spells:

 Your Spells              Type           Power      Damage    Failure   Level
a - Beastly Appendage     Tmut           16%        N/A       3%          1
b - Spider Form           Tmut/Pois      5%         N/A       16%         3

Your spell library contained the following spells:

 Spells                   Type           Power      Damage    Failure   Level
 Wereblood                Tmut           8%         N/A       5%          2
 Call Canine Familiar     Summ           1%         N/A       24%         3
 Portal Projectile        Hex/Tloc       2%         N/A       24%         3
 Ice Form                 Ice/Tmut       5%         N/A       45%         4
 Leda's Liquefaction      Hex/Erth       0%         N/A       58%         4


Dungeon Overview and Level Annotations

Branches:
Dungeon (2/15)

Altars:

Shops:
D:2 *


Innate Abilities, Weirdness & Mutations

You have temporarily grown beastly horns and talons.
Your demonic aura sometimes causes spilled blood to erupt in flames.
Your touch may inflict minor irresistible damage on your foes.


Message History

There are monsters nearby!
There are monsters nearby!
A gnoll comes into view. It is wielding a +0 halberd.
The bat barely misses you.
You grow a pair of large bovine horns.
Your feet morph into talons.
The gnoll shouts!
The bat misses you. The bat closely misses you.
A gnoll comes into view. It is wielding a +0 whip.
You closely miss the bat.
The gnoll shouts!
Your kick misses the bat. The bat closely misses you.
The bat barely misses you. x2
You closely miss the bat. Your kick misses the bat.
You touch the bat.
You kill the bat!
The gnoll hits you from afar with a +2 spear of flaming.
The gnoll burns you.
Your transformation is almost over.
The gnoll barely misses you. x2
You see here a bat corpse.
You closely miss the gnoll. Your kick misses the gnoll.
The gnoll hits you with a +2 spear of flaming.
The gnoll burns you. The gnoll closely misses you.
You barely miss the gnoll. Your kick misses the gnoll.
Your headbutt misses the gnoll. Your touch misses the gnoll.
The gnoll hits you with a +2 spear of flaming.
The gnoll burns you.
The gnoll hits you from afar with a +0 halberd.
You hit the gnoll.
You headbutt the gnoll, but do no damage.
You touch the gnoll.
The gnoll is moderately wounded.
The gnoll misses you.
The gnoll hits you from afar with a +0 halberd.
* * * LOW HITPOINT WARNING * * *
Unknown command.
The gnoll attacks as you move away!
The gnoll hits you with a +2 spear of flaming.
* * * LOW HITPOINT WARNING * * *
The gnoll burns you.
You die...

#>##..............>.........#
#.##.####.#################.#
#.##.# #)# #.### #.##)# #.#
#.... ###.##.####.## #####
....).#......# .##..###.##..#
..#.## ##....#######.##.
..##.###^...[...@ggg....
..###.#.#.############.. ..#
##.##.# ######## ..####.##.#
........ .......(..# #.#
######## .#####.#### #.# # ##
#.# #.# # #.# #.# # ### #.#
#.#


You could see 3 gnolls.

Vanquished Creatures
  An adder (D:2)
  An adder zombie (D:2)
  A dart slug (D:1)
  An orc (D:2)
  5 ball pythons
  A bat skeleton (D:2)
  5 endoplasms
  2 giant cockroaches (D:1)
  6 goblins
  4 hobgoblins (D:1)
  7 kobolds
  A quokka (D:1)
  A ball python skeleton (D:2)
  A ball python zombie (D:2)
  5 bats
  3 frilled lizards
  A quokka skeleton (D:2)
  2 rats
48 creatures vanquished.

Vanquished Creatures (others)
  A fungus (D:1)
  A withered plant (D:2)
2 creatures vanquished.

Grand Total: 50 creatures vanquished

Notes
Turn   | Place    | Note
-------+----------+-------------------------------------------
     0 | D:1      | ytrimaz the Demonspawn Transmuter began the quest for the
                  | Orb.
     0 | D:1      | Reached XP level 1. HP: 15/15 MP: 3/3
   390 | D:1      | Gained mutation: Your touch may inflict minor irresistible
                  | damage on your foes. [demonic ancestry]
   390 | D:1      | Reached XP level 2. HP: 21/21 MP: 3/5
   730 | D:1      | Reached skill level 3 in Unarmed Combat
   748 | D:1      | Found a faded altar of an unknown god.
  1135 | D:1      | Gained mutation: Your demonic aura sometimes causes spilled
                  | blood to erupt in flames. [demonic ancestry]
  1135 | D:1      | Reached XP level 3. HP: 26/26 MP: 6/6
  1969 | D:2      | Found Pun Egyc's General Store.
  1997 | D:2      | Learned a level 3 spell: Spider Form
  2223 | D:2      | Reached XP level 4. HP: 33/33 MP: 5/7
  2309 | D:2      | HP: 1/33 [gnoll/+2 spear of flaming (5)]
  2309 | D:2      | Slain by a gnoll

Illustrated notes

Levels and vault maps discovered:
D:1:      dpeg_cavernosity, layout_basic, ebering_ecumenical_altar_rust,
          minivault_25
D:2:      layout_loops_ring, serial_shops, nicolae_shop_stone, serial_undead,
          serial_undead_e, serial_undead_c, serial_undead_c, serial_undead_b,
          serial_undead_d, serial_undead_f

Skill      XL: |  1  2 |
---------------+-------+-----
Dodging        | 2 |  2.4
Unarmed Combat | 3 |  3.4
Transmutations | 2 |  2.0
Fighting       | |  1.6
Spellcasting   | |  2.3

Action                   |  1- 3 |  4- 6 || total
-------------------------+-------+-------++-------
Melee: Unarmed           |   125 |     5 ||   130
       Kick              |     5 |       ||     5
       Headbutt          |     8 |     1 ||     9
       Touch             |    20 |     2 ||    22
       Punch             |     3 |       ||     3
 Cast: Beastly Appendage |     9 |     1 ||    10
       Spider Form       |     1 |       ||     1
  Use: Potion            |     1 |       ||     1
       Scroll            |     2 |       ||     2
 Stab: Sleeping          |     3 |       ||     3
Armor: Robe              |    23 |       ||    23
       Skin              |     2 |       ||     2
Dodge: Dodged            |    89 |    10 ||    99

Table legend: (Time is in decaauts)
 A = Elapsed time spent in this place.
 B = Non-inter-level travel time spent in this place.
 C = Inter-level travel time spent in this place.
 D = Time resting spent in this place.
 E = Time spent auto-exploring this place.
 F = Levels seen in this place.
 G = Mean time per level.
                   A        B        C        D        E       F      G
               +--------+--------+--------+--------+--------+-----+--------+
         Total |   2302 |   2246 |     56 |      0 |   1886 |   2 | 1151.0 |
       Dungeon |   2302 |   2246 |     56 |      0 |   1886 |   2 | 1151.0 |
               +--------+--------+--------+--------+--------+-----+--------+

Top non-repeatable levels by time:
     D:1: 1514 daAuts
     D:2: 788 daAuts
